 Dungeon Crawl Stone Soup version 0.25-a0-292-gaa31f046c4 (webtiles) character file.

Game seed: 10016982624807204831, levelgen mode: classic

347 Borgoz the Skirmisher (level 6, 0/39 HPs)
             Began as a Kobold Fighter on Dec 16, 2019.
             Was a Follower of Ashenzari.
             Killed by divine providence
             ... invoked by an orc priest
              (9 damage)
             ... on level 4 of the Dungeon.
             The game lasted 00:05:28 (3553 turns).

Borgoz the Skirmisher (Kobold Fighter)              Turns: 3553, Time: 00:05:29

Health: 0/39       AC:  9    Str: 18    XL:     6   Next: 90%
Magic:  6/6        EV: 11    Int: 10    God:    Ashenzari [*.....]
Gold:   118        SH: 10    Dex: 16    Spells: 5/5 levels left

rFire    . . .     SeeInvis .   a - +0 rapier (curse)
rCold    . . .     Gourm    .   c - +0 shield
rNeg     . . .     Faith    .   b - +0 scale mail
rPois    .         Spirit   .   r - +0 helmet
rElec    .         Reflect  .   q - +0 cloak
rCorr    .         Harm     .   (no gloves)
MR       .....                  (no boots)
Stlth    ..........             (no amulet)
HPRegen  0.13/turn              (no ring)
MPRegen  0.10/turn              (no ring)

@: mighty, lethally poisoned (0 -> -14), slowed, lightly drained, very slow
A: small, carnivore
a: Curse Item, Scrying, Renounce Religion


You were on level 4 of the Dungeon.
You worshipped Ashenzari.
Ashenzari was aware of your devotion.
You were very full.

You visited 1 branch of the dungeon, and saw 4 of its levels.

You collected 118 gold pieces.

Inventory:

Hand Weapons
 a - a cursed +0 rapier (weapon)
Armour
 b - a +0 scale mail (worn)
 c - a +0 shield (worn)
 q - a +0 cloak (worn)
 r - a +0 helmet (worn)
Scrolls
 e - a scroll of remove curse
 h - 2 scrolls of blinking {unknown}
 k - 3 scrolls of identify {unknown}
 m - 2 scrolls of noise {unknown}
 n - a scroll of enchant armour {unknown}
Potions
 d - 2 potions of might
 j - a potion of haste {unknown}
 l - 2 potions of lignification {unknown}
 o - a potion of invisibility {unknown}
 p - 2 potions of flight {unknown}
Comestibles
 f - 6 rations
 i - 11 chunks of flesh


   Skills:
 + Level 4.6 Fighting
 + Level 4.5 Short Blades
 + Level 3.4(3.3) Armour
 + Level 3.2(3.1) Dodging
 + Level 3.3(3.2) Shields


You had 5 spell levels left.
You didn't know any spells.
Your spell library was empty.

Dungeon Overview and Level Annotations

Branches:
Dungeon (4/15)
 Temple: D:4-7

Altars:
Ashenzari
Elyvilon
Makhleb


Innate Abilities, Weirdness & Mutations

You are small and have problems with some larger weapons.
You are carnivorous and can eat meat at any time.


Message History

The orc wizard gestures at you while chanting.
You feel yourself slow down.
The orc priest looks braver for a moment.
You feel very mighty all of a sudden. The orc wizard misses you.
The orc wizard hits you but does no damage.
You are poisoned.
The orc wizard hits you but does no damage.
You are lethally poisoned!
The orc priest calls upon Beogh to heal the orc wizard.
The orc wizard is healed somewhat.
You completely miss the orc wizard.
The orc wizard is heavily wounded.
* * * LOW HITPOINT WARNING * * *
You feel very sick.
The orc wizard gestures wildly while chanting.
The orc wizard blinks!
The orc priest mumbles some strange prayers to Beogh against you.
Beogh smites you!
You die...

#######.##
#)# #)#
#)# #.#
#.# #รท#
######.##
#oo@)...#
#o#######
########.#
.......oo#
.........#
.........#
........##
........#
........#


You could see an orc priest and 2 orcs.

Vanquished Creatures
  A centaur skeleton (D:4)
  A hound (D:3)
  2 orc wizards
  Crazy Yiuf (D:3)
  A worker ant (D:4)
  Robin (D:4)
  A gnoll (D:1)
  3 adders
  2 oozes
  7 worms
  A dart slug (D:2)
  2 leopard geckos
  6 orcs
  8 bats
  3 giant cockroaches
  22 goblins
  12 hobgoblins
  9 kobolds
  4 quokkas
  3 frilled lizards
  4 rats (D:2)
94 creatures vanquished.

Notes
Turn   | Place    | Note
-------+----------+-------------------------------------------
     0 | D:1      | Borgoz the Kobold Fighter began the quest for the Orb.
     0 | D:1      | Reached XP level 1. HP: 14/14 MP: 1/1
   265 | D:1      | Reached XP level 2. HP: 19/19 MP: 2/2
   367 | D:1      | Reached skill level 1 in Dodging
   396 | D:1      | Found a shattered altar of Ashenzari.
   406 | D:1      | Reached XP level 3. HP: 17/23 MP: 3/3
   411 | D:1      | Became a worshipper of Ashenzari the Shackled
  1034 | D:2      | Reached XP level 4. HP: 21/29 MP: 4/4
  1532 | D:2      | Reached XP level 5. HP: 31/33 MP: 5/5
  2380 | D:3      | Found a white marble altar of Elyvilon.
  2649 | D:3      | Found a burning altar of Makhleb.
  2740 | D:3      | Reached XP level 6. HP: 38/38 MP: 6/6
  3112 | D:3      | Found a runed translucent door.
  3113 | D:3      | Noticed Crazy Yiuf
  3125 | D:3      | Killed Crazy Yiuf
  3372 | D:4      | Reached * piety under Ashenzari
  3424 | D:4      | Noticed Robin
  3447 | D:4      | Killed Robin
  3553 | D:4      | Killed from afar by an orc priest

Levels and vault maps discovered:
D:1:      dpeg_chamrin_arrival_tetris, layout_basic, ashenzari_altar_1
D:2:      minmay_diamond_boxcup, layout_basic
D:3:      layout_loops_ring, elyvilon_altar_5, makhleb_blood_cavern_becter,
          uniq_crazy_yiuf_cottage
D:4:      layout_basic, minmay_circle_x, uniq_robin, uniq_menkaure

Skill      XL: |  1  2  3  4  5  6 |
---------------+-------------------+-----
Short Blades   | 3 4 |  4.5
Dodging        | 1 2 3 |  3.2
Fighting       | 4 |  4.6
Armour         | 3 |  3.4
Shields        | 3 |  3.3

Action                   |  1- 3 |  4- 6 || total
-------------------------+-------+-------++-------
Melee: Rapier            |    86 |   317 ||   403
Invok: Curse Item        |     1 |       ||     1
  Use: Potion            |     1 |     3 ||     4
  Eat: Chunk             |     8 |     9 ||    17
Armor: Scale mail        |    27 |   104 ||   131
Dodge: Dodged            |    28 |    93 ||   121
Block: Shield            |    50 |   147 ||   197

Table legend:
 A = Non-vault XP
 B = Vault XP
 C = Vault XP percentage of total XP
 D = Non-vault monster count
 E = Vault monster count
 F = Vault count percentage of total count
                 A         B        C        D         E       F
            +---------+---------+-------+---------+---------+-------
      Total |     361 |     135 |  27.2 |      74 |      20 |  21.3
            +---------+---------+-------+---------+---------+-------
        D:1 |      55 |       0 |   0.0 |      19 |       0 |   0.0
        D:2 |     135 |      16 |  10.6 |      29 |       6 |  17.1
        D:3 |      96 |      83 |  46.4 |      24 |       2 |   7.7
        D:4 |      75 |      36 |  32.4 |       2 |      12 |  85.7
            +---------+---------+-------+---------+---------+-------
